 Dungeon Crawl Stone Soup version 0.22-a0-402-ga933591 (webtiles) character file.

52796 Gildeon the Cleaver (level 14, -18/121 HPs)
             Began as a Minotaur Fighter on May 6, 2018.
             Was the Champion of Cheibriados.
             Demolished by a dire elephant (27 damage)
             ... on level 6 of the Lair of Beasts.
             The game lasted 01:25:31 (14853 turns).

Gildeon the Cleaver (Minotaur Fighter)             Turns: 14853, Time: 01:25:32

Health: -18/121    AC: 28    Str: 42    XL:     14   Next: 28%
Magic:  17/22      EV: 23    Int: 25    God:    Cheibriados [******]
Gold:   966        SH:  0    Dex: 35    Spells: 16/25 levels left

rFire    . . .     SeeInvis .   a - +1 broad axe (chop)
rCold    . . .     Gourm    .   (no shield)
rNeg     . . .     Faith    .   l - +4 plate armour
rPois    .         Spirit   .   (helmet restricted)
rElec    .         Reflect  .   h - +2 cloak
rCorr    .         Harm     +   r - +2 pair of gloves
MR       ++...                  o - +0 pair of boots
Stlth    ..........             u - amulet of harm
HPRegen  0.30/turn              n - +4 ring of intelligence
MPRegen  0.18/turn              k - +5 ring of strength

@: agile, very slow
A: retaliatory headbutt, fangs 1, horns 2, thin skeletal structure 1, yellow
scales 1, magic resistance 1, MP-powered wands
a: Bend Time, Temporal Distortion, Slouch, Step From Time, Renounce Religion


You were on level 6 of the Lair of Beasts.
You worshipped Cheibriados.
Cheibriados was exalted by your worship.
You were not hungry.

You visited 2 branches of the dungeon, and saw 17 of its levels.

You collected 1138 gold pieces.
You spent 172 gold pieces at shops.

Inventory:

Hand Weapons
 a - a +1 broad axe of chopping (weapon)
 b - a +0 spear of piercing
 c - a +1 shortbow of velocity
 v - a +0 longbow of freezing
 D - a +0 battleaxe
Missiles
 i - 307 arrows
Armour
 h - a +2 cloak (worn)
 l - a +4 plate armour (worn)
 o - a +0 pair of boots (worn)
 r - a +2 pair of gloves (worn)
Jewellery
 k - a +5 ring of strength (right hand)
 m - an uncursed ring of ice
 n - a +4 ring of intelligence (left hand)
 u - an amulet of harm (around neck)
 A - an uncursed ring of see invisible
Wands
 s - a wand of acid (13)
 z - a wand of iceblast (16)
 E - a wand of paralysis (16)
Scrolls
 p - 13 scrolls of remove curse
 q - 2 scrolls of identify
 x - 7 scrolls of teleportation
 y - 2 scrolls of blinking
Potions
 d - a potion of resistance
 e - 3 potions of cancellation
 t - 5 potions of flight
 C - a potion of agility
Comestibles
 f - 32 rations
 w - 8 chunks of flesh


   Skills:
 - Level 10.0 Fighting
 - Level 14.0 Axes
 - Level 10.0 Bows
 - Level 10.0 Armour
 + Level 8.3 Dodging
   Level 3.6 Shields
 - Level 6.0 Spellcasting
 - Level 5.7 Hexes
 - Level 5.0 Summonings
 - Level 5.3 Invocations
 - Level 5.1 Evocations


You had 16 spell levels left.
You knew the following spells:

 Your Spells              Type           Power        Failure   Level  Hunger
a - Summon Small Mammal   Summ           ####         4%          1    None
b - Call Imp              Summ           ####....     6%          2    None
c - Call Canine Familiar  Summ           ####....     12%         3    None
d - Summon Guardian Gole  Hex/Summ       ####....     11%         3    None


Dungeon Overview and Level Annotations

Branches:
Dungeon (11/15)            Temple (0/1) D:6            Lair (6/6) D:11
  Swamp (0/4) Lair:4        Snake (0/4) Lair:3        Slime (0/5) Lair:6
    Orc (0/2) D:9

Altars:
Cheibriados

Shops:
D:7 [[   D:11 [


Innate Abilities, Weirdness & Mutations

You reflexively headbutt those who attack you in melee.
You have a pair of horns on your head.
You have very sharp teeth.
You have a somewhat thin skeletal structure. (Dex +2, Stealth)
You are partially covered in yellow scales. (AC +2)
You are resistant to hostile enchantments. (MR+)
You expend magic power (3 MP) to strengthen your wands.


Message History

The dire elephant tramples you!!
* * * LOW HITPOINT WARNING * * *
You stumble backwards!
You completely miss the dire elephant. You headbutt the dire elephant.
You bite the dire elephant.
The dire elephant is almost dead.
The dire elephant barely misses you. You furiously retaliate!
You headbutt the dire elephant, but do no damage.
The dire elephant closely misses you.
Okay, then.
You slash the dire elephant!
You headbutt the dire elephant, but do no damage.
The dire elephant is almost dead.
The dire elephant tramples you but does no damage.
The dire elephant barely misses you.
You completely miss the dire elephant.
You headbutt the dire elephant, but do no damage.
The dire elephant is almost dead.
The dire elephant tramples you!!
You die...

.......# #..#
.......# ##..#
.).....♣ #####...##
#......♣# +..8##...#
#.......# ###..'...##
##......♣#
#...8#....#
#........♣
#.#####.P##
#........♣##.#..'Y..#
##.......♣#..#..@.###
#.......##.##..#.#
##......###.#...###
#......♣#...#8.8#
.P.....##.####'##
.......#..#≈...##
.......#.##≈≈≈.P#
.......#.#≈≈≈≈≈≈#
.......#.#.≈≈≈≈≈#


You could see a dire elephant.

Vanquished Creatures
  Rupert (Lair:3)
  2 dire elephants (Lair:6)
  Fannar (Lair:2)
  3 hydras
  A catoblepas (Lair:2)
  An anaconda (Lair:6)
  5 death yaks (Lair:6)
  3 oklob plants (Lair:5)
  Pikel (D:4)
  A manticore (D:9)
  A centaur zombie (D:10)
  Joseph (D:9)
  19 elephants
  6 black mambas
  11 spiny frogs
  3 rime drakes
  7 komodo dragons
  A troll (D:10)
  3 hornets
  19 blink frogs
  The ghost of Borgoz the Skirmisher, an amateur GrFi (D:4)
  13 hippogriffs
  4 wyverns
  A shadow (D:11)
  A wraith (D:10)
  22 yaks
  3 hungry ghosts
  Grum (D:9)
  6 basilisks
  Menkaure (D:7)
  A soldier ant (D:11)
  2 insubstantial wisps (Lair:4)
  3 nagas (Lair:3)
  8 porcupines
  27 water moccasins
  4 slaves (D:4)
  5 orc warriors
  3 ice beasts
  3 sky beasts
  3 black bears
  3 phantoms
  3 necrophages
  11 centaurs
  5 ogres
  15 wolves
  12 crocodiles
  19 bullfrogs
  A wyvern skeleton (D:10)
  5 killer bees (D:11)
  6 wights
  An electric eel (Lair:5)
  A howler monkey (D:10)
  2 bullfrog zombies
  6 crimson imps
  A quasit (D:11)
  A jelly (D:7)
  3 orc priests
  5 hounds
  9 orc wizards
  A bullfrog skeleton (D:8)
  2 centaur skeletons (D:11)
  Natasha (thrice) (D:4)
  An iguana (D:11)
  5 worker ants
  A hound zombie (D:9)
  Robin (D:4)
  2 worker ant zombies
  24 adders
  6 gnolls
  2 shadow imps
  A worm (D:1)
  8 leopard geckos
  36 orcs
  6 bats
  7 giant cockroaches
  14 goblins
  12 hobgoblins
  5 jackals
  4 kobolds
  5 quokkas
  3 ball pythons (D:2)
  4 frilled lizards
  A leopard gecko skeleton (D:4)
  4 rats
  10 plants
479 creatures vanquished.

Vanquished Creatures (others)
  A plant (Lair:6)
1 creature vanquished.

Grand Total: 480 creatures vanquished

Notes
Turn   | Place    | Note
-------+----------+-------------------------------------------
     0 | D:1      | Gildeon the Minotaur Fighter began the quest for the Orb.
     0 | D:1      | Reached XP level 1. HP: 19/19 MP: 0/0
    92 | D:1      | Reached skill level 3 in Axes
   117 | D:1      | Reached XP level 2. HP: 16/26 MP: 1/1
   555 | D:1      | Reached skill level 4 in Axes
   879 | D:2      | Reached XP level 3. HP: 31/31 MP: 2/2
  1086 | D:2      | Reached skill level 5 in Axes
  1250 | D:2      | Reached XP level 4. HP: 33/39 MP: 3/3
  1805 | D:3      | Reached skill level 6 in Axes
  2273 | D:4      | Noticed Borgoz's ghost (amateur GrFi)
  2282 | D:4      | Killed Borgoz's ghost
  2282 | D:4      | Reached skill level 7 in Axes
  2282 | D:4      | Reached XP level 5. HP: 45/45 MP: 4/4
  2282 | D:4      | Reached XP level 6. HP: 51/51 MP: 5/5
  2285 | D:4      | Noticed Natasha
  2290 | D:4      | Found a snail-covered altar of Cheibriados.
  2292 | D:4      | Killed Natasha
  2292 | D:4      | Reached skill level 8 in Axes
  2307 | D:4      | Became a worshipper of Cheibriados the Contemplative
  2372 | D:4      | Noticed Natasha
  2377 | D:4      | Killed Natasha
  2392 | D:4      | Noticed Natasha
  2399 | D:4      | Killed Natasha
  2493 | D:4      | Reached skill level 9 in Axes
  2659 | D:4      | Reached XP level 7. HP: 40/57 MP: 6/6
  2729 | D:4      | Noticed Robin
  2734 | D:4      | Killed Robin
  2774 | D:4      | Noticed Pikel
  2790 | D:4      | Killed Pikel
  2790 | D:4      | Reached skill level 11 in Axes
  3016 | D:4      | Gained mutation: You possess an exceptional clarity of mind. [potion of mutation]
  3016 | D:4      | Gained mutation: You are partially covered in yellow scales. (AC +2) [potion of mutation]
  3231 | D:5      | Entered Level 5 of the Dungeon
  3255 | D:5      | Reached * piety under Cheibriados
  3255 | D:5      | Reached XP level 8. HP: 64/64 MP: 7/7
  3685 | D:5      | Reached skill level 12 in Axes
  4119 | D:6      | Reached skill level 13 in Axes
  4494 | D:6      | Found a staircase to the Ecumenical Temple.
  4642 | D:7      | Noticed Menkaure
  4649 | D:7      | Killed Menkaure
  4753 | D:7      | Reached ** piety under Cheibriados
  4846 | D:7      | Reached XP level 9. HP: 70/70 MP: 8/8
  4884 | D:7      | Found Deciut's Antique Armour Shop.
  4889 | D:7      | Bought a pair of runed gloves for 172 gold pieces
  4922 | D:7      | Reached skill level 14 in Axes
  5029 | D:7      | Reached skill level 5 in Fighting
  5157 | D:7      | Found Noxuzetu's Antique Armour Boutique.
  5694 | D:8      | Reached skill level 5 in Bows
  5858 | D:8      | Reached skill level 5 in Armour
  6560 | D:9      | Noticed Joseph
  6564 | D:9      | Reached *** piety under Cheibriados
  6571 | D:9      | Killed Joseph
  6571 | D:9      | Reached XP level 10. HP: 66/81 MP: 9/9
  6719 | D:9      | Noticed a manticore
  6723 | D:9      | Reached skill level 5 in Dodging
  6732 | D:9      | Killed a manticore
  6732 | D:9      | Reached skill level 1 in Spellcasting
  6826 | D:9      | Learned a level 1 spell: Summon Small Mammal
  6962 | D:9      | Noticed Grum
  6974 | D:9      | Killed Grum
  7155 | D:9      | Reached **** piety under Cheibriados
  7172 | D:9      | Found a staircase to the Orcish Mines.
  7338 | D:9      | Learned a level 2 spell: Call Imp
  7414 | D:9      | Noticed a six-headed hydra
  7422 | D:9      | Killed a six-headed hydra
  7422 | D:9      | Reached skill level 5 in Spellcasting
  7539 | D:10     | Entered Level 10 of the Dungeon
  7544 | D:10     | Reached skill level 1 in Summonings
  7816 | D:10     | Reached XP level 11. HP: 86/86 MP: 17/17
  8089 | D:10     | Reached ***** piety under Cheibriados
  8509 | D:11     | Reached skill level 5 in Summonings
  8542 | D:11     | Reached skill level 1 in Invocations
  8886 | D:11     | Learned a level 3 spell: Call Canine Familiar
  8996 | D:11     | Reached skill level 5 in Invocations
  9078 | D:11     | Reached skill level 1 in Evocations
  9116 | D:11     | Found Viup's Antique Armour Shop.
  9277 | D:11     | Found a staircase to the Lair.
  9291 | Lair:1   | Entered Level 1 of the Lair of Beasts
  9531 | Lair:1   | Reached skill level 5 in Evocations
  9539 | Lair:1   | Reached ****** piety under Cheibriados
  9576 | Lair:1   | Reached XP level 12. HP: 59/97 MP: 18/18
 10093 | Lair:2   | Noticed a catoblepas
 10118 | Lair:2   | Killed a catoblepas
 10321 | Lair:2   | Noticed Fannar
 10330 | Lair:2   | Killed Fannar
 10359 | Lair:2   | Reached skill level 10 in Fighting
 10387 | Lair:2   | Noticed a seven-headed hydra
 10392 | Lair:2   | Killed a seven-headed hydra
 10468 | Lair:2   | Identified a scroll of acquirement
 10778 | Lair:3   | Noticed Rupert
 10780 | Lair:3   | Paralysed by Rupert for 2 turns
 10784 | Lair:3   | Paralysed by Rupert for 2 turns
 10788 | Lair:3   | Killed Rupert
 11247 | Lair:3   | Reached skill level 10 in Bows
 11575 | Lair:3   | Found a staircase to the Snake Pit.
 11710 | Lair:3   | Reached XP level 13. HP: 113/113 MP: 19/19
 12224 | Lair:4   | Learned a level 3 spell: Summon Guardian Golem
 12341 | Lair:4   | Reached skill level 1 in Hexes
 12658 | Lair:4   | Found a staircase to the Swamp.
 13294 | Lair:5   | Identified the Grimoire of Displacement and Clay
 13967 | Lair:6   | Entered Level 6 of the Lair of Beasts
 13980 | Lair:6   | Reached skill level 5 in Hexes
 14000 | Lair:6   | Lost mutation: You possess an exceptional clarity of mind. [potion of mutation]
 14000 | Lair:6   | Gained mutation: You expend magic power (3 MP) to strengthen your wands. [potion of mutation]
 14000 | Lair:6   | Gained mutation: You have a somewhat thin skeletal structure. (Dex +2, Stealth) [potion of mutation]
 14000 | Lair:6   | Gained mutation: You are resistant to hostile enchantments. (MR+) [potion of mutation]
 14000 | Lair:6   | Gained mutation: You have very sharp teeth. [potion of mutation]
 14174 | Lair:6   | Reached XP level 14. HP: 103/121 MP: 20/22
 14484 | Lair:6   | Reached skill level 10 in Armour
 14498 | Lair:6   | Found a staircase to the Slime Pits.
 14853 | Lair:6   | Demolished by a dire elephant

Vault maps used:
D:1:      evilmike_arrival_run_for_it, minivault_23
D:2:      minmay_stone_trees_small
D:3:      serial_aquarium, aquarium_bridge_island_small, aquarium_bridge_square,
          aquarium_window_1, aquarium_window_1, aquarium_window_1,
          aquarium_window_1, aquarium_view_2a, aquarium_view_2b,
          aquarium_pool_double
D:4:      old_standard_altar, first_ration, grunt_ministairs_14,
          hangedman_abyss_or_decor_stagger, uniq_natasha, uniq_pikel, uniq_robin
D:6:      temple_fountains
D:7:      serial_shops, kennysheep_mini, kennysheep_little_box, uniq_menkaure
D:9:      orc_0_dummy, uniq_grum, uniq_joseph
D:11:     lair_entry_dummy, serial_shops, shop
Lair:1:   lab_entry_generic, serial_bayou_pond_e, lemuel_fruit_tree,
          grunt_megastairs_1
Lair:2:   beast_lair_carwin_4, uniq_fannar
Lair:3:   lemuel_reptile_caves, guppyfry_snake_entry_island, uniq_rupert
Lair:4:   minmay_swamp_entry_wisps, kennysheep_basilisk_garden,
          serial_bayou_shore_b, grunt_megastairs_5
Lair:5:   infiniplex_staircase_pool, serial_bayou_shore_a,
          minmay_lair_oklob_chamber, grunt_megastairs_2
Lair:6:   due_jungle_book, dpeg_slime_entry_corner, st_stairs_13,
          minmay_hedge_maze

Skill      XL: |  1  2  3  4  5  6  7  8  9 10 11 12 13 14 |
---------------+-------------------------------------------+-----
Axes           | 3 4 5 7 9 11 13 14 | 14.0
Fighting       | 5 6 10 | 10.0
Bows           | 5 10 | 10.0
Armour         | 5 6 9 10 | 10.0
Dodging        | 4 5 6 8 |  8.3
Spellcasting   | 5 6 |  6.0
Summonings     | 3 5 |  5.0
Invocations    | 5 |  5.3
Evocations     | 5 |  5.1
Hexes          | 5 |  5.7
Shields        | |  3.6

Action                   |  1- 3 |  4- 6 |  7- 9 | 10-12 | 13-15 || total
-------------------------+-------+-------+-------+-------+-------++-------
Melee: War axe           |    68 |    69 |   156 |   234 |       ||   527
       Headbutt          |     6 |     8 |    43 |    73 |    89 ||   219
       Spear             |       |       |       |     7 |       ||     7
       Broad axe         |       |       |       |     4 |   201 ||   205
       Bite              |       |       |       |       |    18 ||    18
 Fire: Shortbow          |       |       |    71 |   270 |   115 ||   456
       Longbow           |       |       |       |     9 |       ||     9
 Cast: Summon Small Mamm |       |       |       |    20 |     1 ||    21
       Call Imp          |       |       |       |     7 |       ||     7
       Call Canine Famil |       |       |       |     3 |       ||     3
       Summon Guardian G |       |       |       |       |     5 ||     5
Evoke: Wand              |       |       |       |    26 |    15 ||    41
  Use: Scroll            |     3 |     2 |    11 |    17 |     5 ||    38
       Potion            |       |     3 |     2 |     3 |     7 ||    15
  Eat: Chunk             |     1 |     5 |     5 |     3 |     6 ||    20
       Ration            |       |       |     1 |     2 |       ||     3
Armor: Scale mail        |    47 |     8 |       |       |       ||    55
       Plate armour      |       |    50 |   109 |   201 |   159 ||   519
Dodge: Dodged            |    46 |    51 |    58 |   218 |   156 ||   529

Table legend:
 A = Spawn XP
 B = Non-spawn XP
 C = Spawn XP percentage of total XP
 D = Spawn monster count
 E = Non-spawn monster count
 F = Spawn count percentage of total count
 G = Total turns spent on level
                    A         B        C        D         E        F      G
               +---------+---------+-------+---------+---------+-------+---------
         Total |       0 |   75423 |   0.0 |       0 |     465 |   0.0 | 14853
               +---------+---------+-------+---------+---------+-------+---------
           D:1 |       0 |      40 |   0.0 |       0 |      21 |   0.0 |   861
           D:2 |       0 |      73 |   0.0 |       0 |      22 |   0.0 |   777
           D:3 |       0 |      64 |   0.0 |       0 |      24 |   0.0 |   632
           D:4 |       0 |    1229 |   0.0 |       0 |      24 |   0.0 |   961
           D:5 |       0 |     545 |   0.0 |       0 |      11 |   0.0 |   827
           D:6 |       0 |     534 |   0.0 |       0 |      13 |   0.0 |   578
           D:7 |       0 |    1564 |   0.0 |       0 |      25 |   0.0 |   857
           D:8 |       0 |    1005 |   0.0 |       0 |      14 |   0.0 |  1042
           D:9 |       0 |    4238 |   0.0 |       0 |      31 |   0.0 |  1004
          D:10 |       0 |    3193 |   0.0 |       0 |      28 |   0.0 |   949
          D:11 |       0 |    5139 |   0.0 |       0 |      51 |   0.0 |   803
        Lair:1 |       0 |    4232 |   0.0 |       0 |      20 |   0.0 |   681
        Lair:2 |       0 |    6743 |   0.0 |       0 |      24 |   0.0 |   748
        Lair:3 |       0 |   10763 |   0.0 |       0 |      54 |   0.0 |  1135
        Lair:4 |       0 |    8771 |   0.0 |       0 |      30 |   0.0 |   999
        Lair:5 |       0 |    7244 |   0.0 |       0 |      28 |   0.0 |  1113
        Lair:6 |       0 |   20046 |   0.0 |       0 |      45 |   0.0 |   886
               +---------+---------+-------+---------+---------+-------+---------
